 Dungeon Crawl Stone Soup version 0.27-a0-124-g19cb506db8 (webtiles) character file.

Game seed: 1602499555156050697

287 knot the Chopper (level 6, 70/70 HPs)
             Began as a Demonspawn Berserker on Jan 26, 2021.
             Was a Believer of Trog.
             Quit the game on level 2 of the Dungeon.
             The game lasted 00:04:04 (3219 turns).

knot the Chopper (Demonspawn Berserker)             Turns: 3219, Time: 00:04:05

Health: 70/70      AC:  9    Str: 17    XL:     6   Next: 8%
Magic:  6/6        EV:  8    Int: 10    God:    Trog [**....]
Gold:   78         SH:  5    Dex: 13    Spells: 5/5 levels left

rFire    . . .     SeeInvis .   r - +2 war axe (curse)
rCold    . . .     Faith    .   (no shield)
rNeg     . . .     Spirit   +   g - +0 chain mail (curse)
rPois    .         Reflect  +   (no helmet)
rElec    .         Harm     .   (no cloak)
rCorr    .         Rampage  .   q - +0 pair of gloves
Will     .....                  (no boots)
Stlth    ..........             m - amulet of reflection
HPRegen  0.21/turn              (no ring)
MPRegen  0.10/turn              (no ring)

@: berserking, very quick
A: demonic guardian 1, magic shield, sturdy frame 1
a: Renounce Religion, Berserk, Trog's Hand


You were on level 2 of the Dungeon.
You worshipped Trog.
Trog was pleased with you.
You visited 1 branch of the dungeon, and saw 3 of its levels.

You collected 78 gold pieces.

Inventory:

Hand Weapons
 r - a cursed +2 war axe (weapon)
Missiles
 c - 37 sling bullets
 i - 44 stones
 k - 3 javelins (quivered)
Armour
 g - a cursed +0 chain mail (worn)
 q - a +0 pair of gloves (worn)
Jewellery
 m - an amulet of reflection (around neck)
Scrolls
 a - a scroll of fear {unknown}
 d - 2 scrolls of noise {unknown}
 f - 3 scrolls of remove curse {unknown}
 h - 2 scrolls of identify {unknown}
 j - 2 scrolls of enchant weapon {unknown}
 l - a scroll of enchant armour {unknown}
Potions
 b - 3 potions of might {unknown}
 e - a potion of lignification {unknown}
 n - 2 potions of attraction {unknown}
 o - 4 potions of curing {unknown}
 p - 2 potions of cancellation {unknown}


   Skills:
 - Level 3.0 Fighting
 * Level 5.2 Axes
 * Level 3.1 Throwing
 - Level 1.7 Armour
 - Level 1.7 Dodging


You had 5 spell levels left.
You didn't know any spells.
Your spell library was empty.

Dungeon Overview and Level Annotations

Branches:
Dungeon (3/15)

Altars:
Sif Muna


Innate Abilities, Weirdness & Mutations

A weak demonic guardian rushes to your aid.
When hurt, damage is shared between your health and your magic reserves.
Your movements are slightly less encumbered by armour. (ER -2)


Message History

Reactivating autopickup.
There is a stone staircase leading down here.
Deactivating autopickup; reactivate with Ctrl-A.
You slash something!
A sky beast appears from thin air!
Reactivating autopickup.
The sky beast hits you but does no damage.
A red film seems to cover your vision as you go berserk!
You feel yourself moving faster!
You feel mighty!
The sky beast hits you but does no damage.
You slice the sky beast!!
You kill the sky beast!
Trog accepts your kill.
Your Axes skill increases to level 5!
Your Throwing skill increases to level 3!
You have reached level 6!
Your experience leads to an increase in your attributes!
Increase (S)trength, (I)ntelligence, or (D)exterity?
You feel clever.
Your demonic ancestry asserts itself...
You feel the presence of a demonic guardian.
Are you sure you want to abandon this character and quit the game? (Confirm with "yes".)

..'.[.......'.....##############.
###.....>...####...##.# #.##....
##.......## ##.###.# #.#....#
##.....## #......# #.#..###
##...## #.###### #.#..# ##'## #.#
#.#..# #.# #.# #....#
##.########.# ###.##
#........##@# ###.###
##...####.##.# #.....#
###.....###.##.# #.....##
###.<......##.##.# #.......
....##..##.......# #.....##
######..#####.#### #.....# #..#
#.# ####### #..#####.# #........#


There were no monsters in sight!

Vanquished Creatures
  A sky beast (D:2)
  2 wights
  4 adders (D:3)
  4 worms
  4 leopard geckos
  4 orcs (D:3)
  4 bats
  3 giant cockroaches
  8 hobgoblins
  4 jackals (D:3)
  2 frilled lizards
  7 goblins
  3 kobolds
  8 rats
58 creatures vanquished.

Notes
Turn   | Place    | Note
-------+----------+-------------------------------------------
     0 | D:1      | knot the Demonspawn Berserker began the quest for the Orb.
     0 | D:1      | Reached XP level 1. HP: 18/18 MP: 1/1
    77 | D:1      | Reached skill level 3 in Axes
   423 | D:1      | Gained mutation: Your movements are slightly less
                  | encumbered by armour. (ER -2) [demonic ancestry]
   423 | D:1      | Reached XP level 2. HP: 23/24 MP: 2/2
  1065 | D:2      | Reached XP level 3. HP: 26/29 MP: 3/3
  1315 | D:2      | Reached ** piety under Trog
  1356 | D:2      | Found a shimmering blue altar of Sif Muna.
  1617 | D:2      | Reached skill level 4 in Axes
  2269 | D:3      | Reached skill level 1 in Throwing
  2269 | D:3      | Reached XP level 4. HP: 35/35 MP: 4/4
  2359 | D:2      | HP: 1/48 [wight/+4 scimitar (13)]
  2362 | D:2      | Gained mutation: When hurt, damage is shared between your
                  | health and your magic reserves. [demonic ancestry]
  2362 | D:2      | Reached XP level 5. HP: 2/41 MP: 5/5
  3193 | D:3      | Noticed a sky beast
  3218 | D:2      | Killed a sky beast
  3219 | D:2      | Reached skill level 5 in Axes
  3219 | D:2      | Gained mutation: A weak demonic guardian rushes to your
                  | aid. [demonic ancestry]
  3219 | D:2      | Reached XP level 6. HP: 47/47 MP: 6/6
  3219 | D:2      | Quit the game

Illustrated notes

Levels and vault maps discovered:
D:1:      dpeg_arrival_long_road, layout_basic
D:2:      layout_loops_corners, lemuel_blue_sif_altar, grunt_decor_cap
D:3:      minmay_general_purpose_star, layout_basic

Skill      XL: |  1  2  3  4  5 |
---------------+----------------+-----
Axes           | 3 4 5 |  5.2
Throwing       | 1 2 3 |  3.1
Fighting       | |  3.0
Armour         | |  1.7
Dodging        | |  1.7

Action                   |  1- 3 |  4- 6 || total
-------------------------+-------+-------++-------
Melee: Hand axe          |   143 |    19 ||   162
       War axe           |       |    33 ||    33
Throw: Javelin           |     2 |     1 ||     3
Invok: Berserk           |     2 |     3 ||     5
       Trog's Hand       |       |     2 ||     2
Armor: Animal skin       |     4 |       ||     4
       Chain mail        |    46 |    49 ||    95
Dodge: Dodged            |    67 |    49 ||   116
Block: Other             |    16 |    18 ||    34

Table legend: (Time is in decaauts)
 A = Elapsed time spent in this place.
 B = Non-inter-level travel time spent in this place.
 C = Inter-level travel time spent in this place.
 D = Time resting spent in this place.
 E = Time spent auto-exploring this place.
 F = Levels seen in this place.
 G = Mean time per level.
                   A        B        C        D        E       F      G
               +--------+--------+--------+--------+--------+-----+--------+
         Total |   3286 |   3149 |    137 |    759 |   1909 |   3 | 1095.3 |
       Dungeon |   3286 |   3149 |    137 |    759 |   1909 |   3 | 1095.3 |
               +--------+--------+--------+--------+--------+-----+--------+

Top non-repeatable levels by time:
     D:2: 1583 daAuts
     D:1: 980 daAuts
     D:3: 722 daAuts
